 Dungeon Crawl Stone Soup version 0.22-a0-422-g9628fc8 (webtiles) character file.

2072 Mgcat the Fighter (level 9, -1/83 HPs)
             Began as a Green Draconian Berserker on May 20, 2018.
             Was an Elder of Trog.
             Slain by a two-headed ogre
             ... wielding a +0 giant club
              (12 damage)
             ... on level 6 of the Dungeon.
             The game lasted 00:09:06 (4654 turns).

Mgcat the Fighter (Green Draconian Berserker)       Turns: 4654, Time: 00:09:07

Health: -1/83      AC: 10    Str: 22    XL:     9   Next: 5%
Magic:  9/9        EV: 13    Int:  7    God:    Trog [****..]
Gold:   210        SH:  5    Dex: 12    Spells: 8/8 levels left

rFire    . . .     SeeInvis .   A - +4 whip
rCold    . . .     Gourm    +   f - +0 buckler (curse)
rNeg     . . .     Faith    .   (armour unavailable)
rPois    +         Spirit   .   r - +2 hat
rElec    .         Reflect  .   (no cloak)
rCorr    .         Harm     .   (no gloves)
MR       .....                  C - +0 pair of boots
Stlth    ++........             j - amulet of the gourmand {Gourm, !d}
HPRegen  0.23/turn              q - ring of stealth {Stlth+}
MPRegen  0.11/turn              (no ring)

@: short of breath
A: breathe noxious fumes, unfitting armour, poison resistance, cold-blooded, AC
+7
a: Breathe Noxious Fumes, Berserk, Trog's Hand, Brothers in Arms, Renounce
Religion


You were on level 6 of the Dungeon.
You worshipped Trog.
Trog was greatly pleased with you.
You were completely stuffed.

You visited 1 branch of the dungeon, and saw 6 of its levels.
You also visited: Sewer.

You collected 275 gold pieces.
You spent 65 gold pieces at shops.

Inventory:

Hand Weapons
 a - a +0 mace
 A - a +4 whip (weapon)
   (You took it off an orc on level 4 of the Dungeon)
Armour
 f - a cursed +0 buckler (worn)
   (You found it on level 1 of the Dungeon)
 r - a +2 hat (worn)
   (You found it on level 3 of the Dungeon)
 C - a +0 pair of boots (worn)
   (You found it on level 4 of the Dungeon)
Jewellery
 j - an amulet of the gourmand (around neck) {Gourm, !d}
   (You found it on level 1 of the Dungeon)
 q - a ring of stealth (left hand) {Stlth+}
   (You found it on level 3 of the Dungeon)
 v - an uncursed ring of ice {rC+, rF-}
   (You found it on level 4 of the Dungeon)
 B - an uncursed ring of stealth {Stlth+}
   (You found it on level 4 of the Dungeon)
Wands
 n - a wand of clouds (3)
   (You found it on level 2 of the Dungeon)
 p - a wand of scattershot (8)
   (You took it off Ijyb on level 3 of the Dungeon)
 E - a wand of digging (10)
   (You found it on level 5 of the Dungeon)
Scrolls
 d - 3 scrolls of amnesia {unknown}
 e - 3 scrolls of enchant weapon {unknown}
 g - 3 scrolls of identify {unknown}
 k - a scroll of fog {unknown}
 l - a scroll of fear {unknown}
 o - 3 scrolls of immolation {unknown}
 w - a scroll of magic mapping {unknown}
 y - 2 scrolls of teleportation {unknown}
 z - 2 scrolls of enchant armour {unknown}
 F - a scroll of remove curse {unknown}
 H - a scroll of random uselessness {unknown}
Potions
 c - 4 potions of lignification {!q}
 h - 6 potions of curing {unknown}
 i - a potion of degeneration {unknown}
 m - a potion of cancellation {unknown}
 s - 8 potions of heal wounds
 t - a potion of might {unknown}
 u - a potion of brilliance {unknown}
 x - 4 potions of flight {unknown}
 G - a potion of invisibility {unknown}
Comestibles
 b - 12 rations
 D - 7 chunks of flesh {@w0}


   Skills:
 + Level 9.2 Fighting
 + Level 8.4 Maces & Flails
 - Level 2.6 Dodging
 - Level 4.0 Shields


You had 8 spell levels left.
You didn't know any spells.
Your spell library was empty.

Dungeon Overview and Level Annotations

Branches:
Dungeon (6/15)             Temple (0/1) D:6

Altars:
Dithmenos
Elyvilon
Makhleb
Ru
Wu Jian

Shops:
D:4 !


Innate Abilities, Weirdness & Mutations

You can breathe blasts of noxious fumes.
Your lurid green scales are hard. (AC +7)
You cannot fit into any form of body armour.
Your system is resistant to poisons. (rPois)
You are cold-blooded and may be slowed by cold attacks.


Message History

You hit the hound zombie.
The hound zombie is heavily damaged.
The hound zombie misses you.
You whack the hound zombie!
You destroy the hound zombie!
Trog accepts your kill.
No target in view!
No target in view!
HP restored.
Items here: ( )) † a giant club; a shortbow; 27 arrows; a centaur corpse You butcher the centaur corpse.
D - 7 chunks of flesh {@w0} (gained 1)
Things that are here:
a giant club; a shortbow; 27 arrows
Things that are here:
a giant club; a shortbow; 27 arrows Key pressed, stopping explore.
You now have 210 gold pieces (gained 9).
Found a stone staircase leading down.
Found a staircase to the Ecumenical Temple.
No target in view!
Found a stone staircase leading up.
An iguana comes into view.
An iguana is nearby!
The helpless iguana fails to defend itself.
You hit the iguana.
Your tail-slap misses the iguana.
The iguana is lightly wounded.
The iguana bites you.
You whack the iguana!
The iguana is severely wounded.
You closely miss the iguana. You tail-slap the iguana.
The iguana is severely wounded.
The iguana barely misses you.
You hit the iguana.
The iguana is almost dead.
The iguana bites you but does no damage.
You hit the iguana.
You kill the iguana!
Trog accepts your kill.
No target in view!
Key pressed, stopping explore.
You see here a scale mail.
A two-headed ogre comes into view. It is wielding two giant clubs.
Evoke which item? (* to show all) (? for menu, Esc to quit)
Aiming: Cloud Cone
Press: ? - help, Dir - move target cursor, f - two-headed ogre
Aim: a two-headed ogre, wielding two giant clubs (resting)
You create a blast of noxious fumes!
The two-headed ogre shouts in stereo!
The two-headed ogre is engulfed in noxious fumes.
Press: ? - help, Shift-Dir - straight line, f/p - two-headed ogre
Aim: a two-headed ogre, wielding two giant clubs (noxious fumes, lightly wounded)
You exhale a blast of noxious fumes.
The blast of choking fumes hits the two-headed ogre.
The two-headed ogre is lightly wounded.
You feel somewhat less full.
The two-headed ogre is engulfed in noxious fumes.
You completely miss the two-headed ogre.
The two-headed ogre is lightly wounded.
The two-headed ogre is engulfed in noxious fumes.
The two-headed ogre hits you with a giant club!
The two-headed ogre barely misses you.
You hit the two-headed ogre.
The two-headed ogre is lightly wounded.
You hit the two-headed ogre.
Your tail-slap misses the two-headed ogre.
The two-headed ogre is lightly wounded.
The two-headed ogre is engulfed in noxious fumes.
The two-headed ogre closely misses you.
The two-headed ogre hits you with a giant club!!
You barely miss the two-headed ogre.
You tail-slap the two-headed ogre, but do no damage.
The two-headed ogre is lightly wounded.
You barely miss the two-headed ogre.
The two-headed ogre is lightly wounded.
The two-headed ogre is engulfed in noxious fumes.
The two-headed ogre hits you with a giant club!
The two-headed ogre closely misses you.
You whack the two-headed ogre!
Your tail-slap misses the two-headed ogre.
The two-headed ogre is moderately wounded.
You hit the two-headed ogre.
You tail-slap the two-headed ogre, but do no damage.
The two-headed ogre is moderately wounded.
The two-headed ogre is engulfed in noxious fumes.
The two-headed ogre appears confused.
The two-headed ogre hits you with a giant club!
The two-headed ogre hits you with a giant club.
You hit the two-headed ogre.
The two-headed ogre is heavily wounded.
You barely miss the two-headed ogre.
You tail-slap the two-headed ogre, but do no damage.
The two-headed ogre is heavily wounded.
The two-headed ogre is engulfed in noxious fumes.
The two-headed ogre appears confused.
The two-headed ogre hits you with a giant club!
* * * LOW HITPOINT WARNING * * *
The two-headed ogre hits you with a giant club!
You die...

...# .# # ...# .# .#
.. ...##.##.##. #..
...#.........#..
................
...#..⌠...⌠..#.#
#..#.........#.#
##......>......####§#
##.#.........#..@O§§#
##(#..⌠...⌠..#.######
#..............#
#..#.........###
#..##.##.##[###
#<..........#.#
#.....#.##.##.##
#..####.##.#...##
#.......#...###.#


You could see a two-headed ogre (confused).

Vanquished Creatures
  The ghost of Gorglomux the Skirmisher, a novice MiAK of Lugonu (D:5)
  The ghost of Conn321 the Sneak, an amateur OpFE (D:4)
  Duvessa (D:4)
  4 ogres
  A centaur (D:6)
  2 big kobolds (Sewer)
  Dowan (D:4)
  A water moccasin zombie (D:5)
  A scorpion (D:4)
  A howler monkey (D:5)
  A crimson imp (D:5)
  4 hounds
  2 orc priests
  4 orc wizards
  Jessica (D:2)
  An iguana (D:6)
  Ijyb (D:3)
  A worker ant (D:5)
  2 hound zombies
  3 gnolls (D:4)
  A howler monkey skeleton (D:5)
  3 adders
  A river rat (D:3)
  4 worms
  A dart slug (D:5)
  3 leopard geckos
  10 orcs
  13 giant cockroaches
  2 goblins (D:3)
  2 hobgoblins (D:2)
  2 jackals (D:3)
  2 quokkas
  8 ball pythons
  7 bats
  7 frilled lizards
  18 kobolds
  A leopard gecko skeleton (D:4)
  6 rats
125 creatures vanquished.

Notes
Turn   | Place    | Note
-------+----------+-------------------------------------------
     0 | D:1      | Mgcat the Draconian Berserker began the quest for the Orb.
     0 | D:1      | Reached XP level 1. HP: 19/19 MP: 1/1
   529 | D:1      | Reached XP level 2. HP: 24/26 MP: 2/2
   759 | D:2      | Reached skill level 1 in Shields
   762 | D:2      | HP: 10/40 [poisoned by an adder]
   767 | D:2      | HP: 8/40 [poisoned by an adder]
   772 | D:2      | HP: 6/40 [poisoned by an adder]
   779 | D:2      | HP: 5/40 [poisoned by an adder]
   787 | D:2      | HP: 4/40 [poisoned by an adder]
  1037 | D:2      | Found a faded altar of an unknown god.
  1095 | D:2      | Reached XP level 3. HP: 14/33 MP: 3/3
  1304 | D:2      | Reached ** piety under Trog
  1314 | D:2      | Found a faded altar of an unknown god.
  1314 | D:2      | Found a sacrificial altar of Ru.
  1320 | D:2      | Found a faded altar of an unknown god.
  1322 | D:2      | Found a shadowy altar of Dithmenos.
  1324 | D:2      | Found a burning altar of Makhleb.
  1374 | D:2      | Noticed Jessica
  1381 | D:2      | Killed Jessica
  1381 | D:2      | Reached skill level 4 in Fighting
  1683 | D:2      | Found an ornate altar of the Wu Jian Council.
  1813 | D:3      | Noticed Ijyb
  1823 | D:3      | Killed Ijyb
  1823 | D:3      | Reached skill level 2 in Shields
  1823 | D:3      | Reached XP level 4. HP: 40/40 MP: 4/4
  1932 | D:3      | Reached skill level 4 in Maces & Flails
  1969 | D:3      | Reached XP level 5. HP: 43/47 MP: 5/5
  2013 | D:3      | Found a glowing drain.
  2022 | Sewer    | Entered a sewer
  2199 | Sewer    | Reached skill level 5 in Fighting
  2199 | Sewer    | Reached skill level 3 in Shields
  2199 | Sewer    | Reached XP level 6. HP: 33/56 MP: 6/6
  2398 | Sewer    | Reached *** piety under Trog
  3042 | D:4      | Noticed Conn321's ghost (amateur OpFE)
  3167 | D:4      | Noticed Duvessa
  3192 | D:4      | Noticed Dowan
  3201 | D:4      | Killed Duvessa
  3201 | D:4      | Reached skill level 5 in Maces & Flails
  3202 | D:4      | Killed Dowan
  3202 | D:4      | Reached skill level 4 in Shields
  3202 | D:4      | Your scales start taking on a lurid green colour.
  3202 | D:4      | Reached XP level 7. HP: 62/62 MP: 7/7
  3202 | D:4      | Gained mutation: Your system is resistant to poisons. (rPois) [Green Draconian growth]
  3203 | D:4      | Found a white marble altar of Elyvilon.
  3212 | D:4      | Found Letezef's Distillery.
  3223 | D:4      | Bought a potion of heal wounds for 65 gold pieces
  3319 | D:4      | Killed Conn321's ghost
  3319 | D:4      | Reached skill level 6 in Fighting
  3559 | D:4      | Reached **** piety under Trog
  3581 | D:4      | Reached skill level 6 in Maces & Flails
  3897 | D:5      | Entered Level 5 of the Dungeon
  3945 | D:5      | Noticed Gorglomux's ghost (novice MiAK)
  3959 | D:5      | Killed Gorglomux's ghost
  3959 | D:5      | Reached skill level 8 in Fighting
  3959 | D:5      | Reached skill level 7 in Maces & Flails
  3959 | D:5      | Reached XP level 8. HP: 74/74 MP: 8/8
  4193 | D:5      | Reached skill level 8 in Maces & Flails
  4482 | D:5      | Reached skill level 9 in Fighting
  4560 | D:6      | Reached XP level 9. HP: 66/83 MP: 9/9
  4588 | D:6      | Found a staircase to the Ecumenical Temple.
  4641 | D:6      | Noticed a two-headed ogre
  4654 | D:6      | HP: 11/83 [two-headed ogre/giant club (15)]
  4654 | D:6      | Slain by a two-headed ogre

Vault maps used:
D:1:      dpeg_arrival_refuge, minmay_shallow_snake_nest
D:2:      marbit_many_paths, chequers_temple_overflow_minitemple,
          chequers_ecumenical_altar_island, serial_glass, glass_columns_c,
          glass_columns_a, glass_columns_a, glass_columns_a, glass_columns_b,
          glass_columns_b, glass_columns_b, glass_columns_c, first_ration,
          uniq_jessica
D:3:      portal_sewer_entry_a, uniq_ijyb
D:4:      elyvilon_altar_1, serial_shops, nicolae_shop_window_shopping,
          uniq_duvessa
D:5:      kennysheep_generic_room_7
D:6:      regret_index_temple_of_mockery, minmay_temple_entry_large_hall,
          serial_shops, kennysheep_mini_moat, hangedman_decor_diamond_cutter,
          uniq_sigmund
Sewer:    kennysheep_pipe_town

Skill      XL: |  1  2  3  4  5  6  7  8 |
---------------+-------------------------+-----
Shields        | 1 2 3 4 |  4.0
Fighting       | 4 5 8 9 |  9.2
Maces & Flails | 4 5 7 8 |  8.4
Dodging        | |  2.6

Action                   |  1- 3 |  4- 6 |  7- 9 || total
-------------------------+-------+-------+-------++-------
Melee: Mace              |   121 |   162 |    32 ||   315
       Tailslap          |    14 |    18 |    30 ||    62
       Whip              |       |       |   160 ||   160
Invok: Berserk           |     2 |     3 |     3 ||     8
       Trog's Hand       |       |       |     1 ||     1
 Abil: Breathe Noxious F |       |       |     2 ||     2
Evoke: Wand              |       |       |     1 ||     1
  Use: Potion            |     1 |       |       ||     1
 Stab: Sleeping          |       |     2 |     8 ||    10
  Eat: Chunk             |    15 |    12 |    10 ||    37
Armor: Skin              |    33 |    49 |    44 ||   126
Dodge: Dodged            |    73 |   109 |    78 ||   260
Block: Buckler           |    20 |    35 |    22 ||    77

Table legend:
 A = Spawn XP
 B = Non-spawn XP
 C = Spawn XP percentage of total XP
 D = Spawn monster count
 E = Non-spawn monster count
 F = Spawn count percentage of total count
 G = Total turns spent on level
                    A         B        C        D         E        F      G
               +---------+---------+-------+---------+---------+-------+---------
         Total |       0 |    2961 |   0.0 |       0 |     125 |   0.0 |  4654
               +---------+---------+-------+---------+---------+-------+---------
           D:1 |       0 |      18 |   0.0 |       0 |      14 |   0.0 |   721
           D:2 |       0 |      77 |   0.0 |       0 |      15 |   0.0 |  1052
           D:3 |       0 |     239 |   0.0 |       0 |      27 |   0.0 |   854
           D:4 |       0 |     669 |   0.0 |       0 |      18 |   0.0 |   815
           D:5 |       0 |    1441 |   0.0 |       0 |      23 |   0.0 |   646
           D:6 |       0 |     290 |   0.0 |       0 |       4 |   0.0 |   111
         Sewer |       0 |     227 |   0.0 |       0 |      24 |   0.0 |   455
               +---------+---------+-------+---------+---------+-------+---------

Vault maps used:
D:1:      dpeg_arrival_refuge, minmay_shallow_snake_nest
D:2:      marbit_many_paths, chequers_temple_overflow_minitemple,
          chequers_ecumenical_altar_island, serial_glass, glass_columns_c,
          glass_columns_a, glass_columns_a, glass_columns_a, glass_columns_b,
          glass_columns_b, glass_columns_b, glass_columns_c, first_ration,
          uniq_jessica
D:3:      portal_sewer_entry_a, uniq_ijyb
D:4:      elyvilon_altar_1, serial_shops, nicolae_shop_window_shopping,
          uniq_duvessa
D:5:      kennysheep_generic_room_7
D:6:      regret_index_temple_of_mockery, minmay_temple_entry_large_hall,
          serial_shops, kennysheep_mini_moat, hangedman_decor_diamond_cutter,
          uniq_sigmund
Sewer:    kennysheep_pipe_town

Table legend:
 A = Turns spent in this place as a percentage of turns spent in the entire game.
 B = Non-inter-level travel turns spent in this place as a percentage of non-inter-level travel turns spent in the entire game.
 C = Inter-level travel turns spent in this place as a percentage of turns spent in this place.
 D = Turns resting spent in this place as a percentage of non-inter-level travel turns spent in this place.
 E = Turns spent auto-exploring this place as a percentage of non-inter-level travel turns spent in this place.
 F = Non-inter-level travel turns spent in this place divided by the number of levels of this place that you've seen.
                   A       B       C       D       E      F
               +-------+-------+-------+-------+-------+----------------------
         Total | 100.0 | 100.0 |   4.7 |   0.2 |  77.4 | 633.6
       Dungeon |  90.2 |  89.7 |   5.2 |   0.2 |  78.3 | 663.3
         Sewer |   9.8 |  10.3 |   0.0 |   0.0 |  69.7 | 455.0
               +-------+-------+-------+-------+-------+----------------------

Table legend:
 A = Kills in this place as a percentage of kills in entire the game.
 B = Kills by you in this place as a percentage of kills by you in the entire game.
 C = Kills by friends in this place as a percentage of kills by friends in the entire game.
 D = Other kills in this place as a percentage of other kills in the entire game.
 E = Experience gained in this place as a percentage of experience gained in the entire game.
 F = Experience gained in this place divided by the number of levels of this place that you have seen.
                   A       B       C       D       E      F
               +-------+-------+-------+-------+-------+----------------------
         Total | 100.0 | 100.0 |   N/A |   N/A | 100.0 | 423.0
       Dungeon |  80.8 |  80.8 |   N/A |   N/A |  92.3 | 455.7
         Sewer |  19.2 |  19.2 |   N/A |   N/A |   7.7 | 227.0
               +-------+-------+-------+-------+-------+----------------------
